Map: [ESL] Glittering Ashes

Players

Probe

  • Race: Protoss Protoss

Ryung - Winner!

  • Race: Terran Terran

Event: IEM Katowice 2022

VOD

Have the link to the VOD?

Description

Time

  • Played on: Feb. 23, 2022, 5:45 a.m.
  • Length: 9:16

All games in this series

Show
View Real Time Build Order
Export as new Build Order

Probe Protoss 

Build Orders: Blink Stalkers, Zealot Archon 

Get SALT Encoding   

  12  0:00  Probe  
  13  0:13  Probe  
  14  0:16  Pylon  
  14  0:25  Probe (Chrono Boost)  
  15  0:37  Gateway, Probe (Chrono Boost)  
  16  0:44  Probe (Chrono Boost)  
  16  0:45  Assimilator  
  17  0:51  Probe  
  18  1:03  Probe  
  19  1:15  Probe  
  20  1:23  Assimilator  
  20  1:24  Pylon, Zealot (Chrono Boost)  
  22  1:26  Cybernetics Core  
  22  1:28  Probe  
  23  1:42  Probe  
  24  1:53  Pylon  
  24  1:54  Probe  
  24  2:01  Stalker (Chrono Boost)  
  25  2:02  Warp Gate  
  25  2:06  Probe  
  28  2:18  Probe  
  29  2:27  Nexus  
  29  2:33  Stalker  
  29  2:35  Probe  
  32  2:46  Twilight Council  
  32  2:47  Probe  
  33  2:58  Gateway  
  33  3:01  Probe  
  34  3:13  Robotics Facility  
  34  3:14  Probe  
  34  3:16  Blink (Chrono Boost)  
  35  3:27  Probe  
  36  3:39  Probe (Chrono Boost)  
  38  3:44  Probe (Chrono Boost)  
  39  3:49  Probe (Chrono Boost)  
  39  3:52  Probe (Chrono Boost)  
  39  3:53  Stalker x2  
  39  3:54  Probe (Chrono Boost)  
  44  4:01  Observer  
  44  4:02  Pylon  
  46  4:03  Probe  
  46  4:04  Shield Battery  
  46  4:07  Probe  
  48  4:15  Probe  
  49  4:19  Stalker x2, Probe  
  49  4:23  Assimilator  
  54  4:27  Probe  
  54  4:28  Observer  
  57  4:31  Probe  
  57  4:39  Pylon, Probe  
  57  4:43  Probe  
  59  4:46  Stalker  
  61  4:54  Observer  
  61  4:55  Nexus  
  61  4:57  Charge, Probe  
  61  4:58  Observer  
  63  5:00  Probe  
  64  5:11  Probe  
  65  5:16  Forge  
  65  5:18  Gateway x2  
  65  5:19  Probe  
  65  5:20  Shield Battery  
  66  5:23  Stalker  
  62  5:29  Probe  
  62  5:31  Probe  
  63  5:41  Probe  
  63  5:42  Sentry  
  66  5:44  Probe, Protoss Ground Armor Level 1 (Chrono Boost)  
  67  5:54  Probe  
  67  5:56  Probe  
  69  6:01  Gateway  
  69  6:03  Gateway  
  69  6:07  Probe  
  69  6:08  Gateway  
  70  6:13  Probe  
  70  6:15  Probe  
  70  6:18  Gateway  
  72  6:19  Probe  
  72  6:25  Probe  
  74  6:27  Probe  
  74  6:29  Templar Archives  
  74  6:31  Probe  
  76  6:35  Pylon  
  76  6:37  Probe  
  76  6:38  Zealot x3  
  83  6:43  Pylon  
  83  6:47  Probe  
  83  6:51  Probe  
  84  6:54  Probe  
  84  6:59  Probe  
  84  7:01  Gateway  
  84  7:03  Probe  
  84  7:06  Probe  
  86  7:11  Probe  
  86  7:13  High Templar  
  86  7:14  High Templar  
  86  7:15  Zealot x2  
  95  7:18  Probe x2, Observer  
  95  7:19  Archon  
  95  7:22  Pylon x2  
  97  7:26  Probe  
  98  7:31  Observer  
  98  7:32  Stalker  
  98  7:34  Pylon  
  98  7:35  Pylon  
  100  7:44  Stalker  
  100  7:45  Zealot x4  
  110  7:57  Zealot x3  
  116  7:59  Probe  
  117  8:10  Zealot x6  
  129  8:21  High Templar  
  129  8:22  Pylon, High Templar  
  129  8:23  Pylon  
  129  8:24  Pylon  
  132  8:29  Pylon  
  132  8:30  Pylon  
  132  8:31  Archon  
  132  8:33  Robotics Facility  
  132  8:35  Pylon  
  130  8:41  Pylon  
  130  8:42  Pylon  
  130  8:44  Zealot x6  
  104  8:58  Zealot x2  
  90  9:07  Zealot x6  
Show
View Real Time Build Order
Export as new Build Order

Ryung Terran - Winner!

Build Orders:  

Get SALT Encoding   

  12  0:00  SCV  
  13  0:12  SCV  
  14  0:16  Supply Depot  
  14  0:24  SCV  
  15  0:38  SCV  
  15  0:39  Barracks  
  16  0:43  Refinery  
  16  0:50  SCV  
  17  1:02  SCV  
  18  1:07  Engineering Bay  
  18  1:14  SCV  
  19  1:27  Marine  
  19  1:28  Orbital Command  
  20  1:45  Barracks Reactor  
  20  1:54  SCV  
  20  2:00  Command Center  
  21  2:06  Supply Depot  
  21  2:09  SCV  
  22  2:18  Factory  
  22  2:21  SCV  
  23  2:28  Bunker, Marine x2  
  25  2:33  SCV  
  26  2:45  Marine x2  
  26  2:46  SCV  
  26  2:47  Refinery  
  29  2:58  SCV  
  30  3:03  Starport  
  30  3:10  SCV  
  30  3:12  Hellion, Orbital Command  
  33  3:17  Marine x2  
  35  3:22  SCV  
  36  3:33  Widow Mine  
  38  3:34  Marine  
  38  3:35  SCV, Marine  
  38  3:37  SCV  
  38  3:38  Supply Depot  
  42  3:42  Medivac  
  42  3:48  SCV  
  45  3:49  SCV  
  46  3:59  Supply Depot  
  46  4:00  Widow Mine, SCV, Marine  
  46  4:01  SCV, Marine  
  52  4:13  Starport Tech Lab  
  52  4:14  SCV x2  
  54  4:18  Barracks  
  54  4:20  Refinery  
  54  4:22  Factory Tech Lab  
  54  4:26  Marine  
  54  4:29  SCV  
  54  4:30  SCV  
  58  4:32  Raven  
  58  4:33  Supply Depot  
  60  4:40  Siege Tank  
  60  4:42  Supply Depot  
  60  4:43  Supply Depot  
  62  4:54  Marine x2  
  62  4:55  SCV x2  
  62  4:57  Engineering Bay  
  66  5:07  SCV x2  
  66  5:13  Siege Tank  
  69  5:14  Barracks  
  69  5:21  SCV x2  
  71  5:22  Marine x2  
  71  5:23  Terran Infantry Weapons Level 1  
  71  5:25  Starport Reactor  
  72  5:28  Marine  
  72  5:29  Stimpack  
  72  5:33  SCV x2  
  75  5:39  Supply Depot  
  75  5:41  Supply Depot  
  73  5:45  Marine x2  
  73  5:46  Marine  
  76  5:51  Command Center  
  76  5:54  Factory Reactor  
  76  5:56  SCV x2  
  78  6:03  Refinery  
  78  6:12  Marauder x2, Marine x2, Combat Shield  
  78  6:16  Medivac x2  
  78  6:17  SCV x2  
  88  6:24  Supply Depot  
  88  6:29  SCV  
  88  6:30  SCV  
  88  6:32  Barracks  
  90  6:34  Marine x2  
  90  6:35  Marauder  
  90  6:37  Barracks, Marauder  
  96  6:41  Widow Mine  
  96  6:42  Widow Mine  
  100  6:47  Medivac x2  
  100  6:53  Marine  
  100  6:54  Marine  
  104  6:59  Marauder  
  104  7:00  Marauder  
  108  7:04  Widow Mine x2  
  108  7:06  Orbital Command  
  112  7:11  Marine x2  
  112  7:13  Concussive Shells  
  114  7:19  Medivac  
  114  7:21  Marauder x2  
  120  7:23  Medivac  
  120  7:26  Orbital Command  
  122  7:30  Barracks Reactor  
  122  7:31  Barracks Tech Lab, Marine x2  
  124  7:42  Supply Depot  
  128  7:44  Widow Mine x2  
  128  7:46  Supply Depot  
  128  7:48  Supply Depot  
  128  7:53  Marine, Marauder x2  
  133  8:03  Marine  
  133  8:04  Supply Depot, SCV x3, Marauder  
  141  8:05  Supply Depot  
  141  8:06  Widow Mine  
  141  8:08  Widow Mine  
  146  8:20  Marine x3, Marauder x2  
  151  8:27  Widow Mine  
  151  8:29  Widow Mine  
  153  8:34  Marauder  
  153  8:37  Medivac x2  
  160  8:41  Marauder  
  160  8:43  Marine x3, Marauder  
  160  8:46  SCV  
  156  8:48  Widow Mine  
  156  8:51  Widow Mine  
  142  9:06  Armory  

Tags
 
Add a new tag
Caveats
  • Supply blocks, unpowered buildings, or Contaminate may cause inaccurate times.
  • Supply counts are checked every 10 seconds.